 Dungeon Crawl Stone Soup version 0.26-a0-958-gf3041fb45f (webtiles) character file.

Game seed: 6787935749310076497

56 Gargoyl the Skirmisher (level 3, 0/35 HPs)
             Began as a Gnoll Abyssal Knight on Nov 30, 2020.
             Was a Follower of Lugonu.
             Slain by Terence
             ... wielding a +0 flail
              (7 damage)
             ... on level 2 of the Dungeon.
             The game lasted 00:01:36 (1070 turns).

Gargoyl the Skirmisher (Gnoll Abyssal Knight)       Turns: 1070, Time: 00:01:36

Health: 0/35       AC:  3    Str: 15    XL:     3   Next: 97%
Magic:  6/6        EV: 12    Int: 14    God:    Lugonu [*.....]
Gold:   91         SH:  0    Dex: 14    Spells: 4/4 levels left

rFire    . . .     SeeInvis .   c - +0 long sword of the Abyss {speed, rPois} (curse)
rCold    . . .     Faith    .   (no shield)
rNeg     + . .     Spirit   .   b - +0 leather armour
rPois    +         Reflect  .   (no helmet)
rElec    .         Harm     .   (no cloak)
rCorr    .         Rampage  .   (no gloves)
MR       .....                  (no boots)
Stlth    +.........             (no amulet)
HPRegen  0.11/turn              d - ring of positive energy
MPRegen  0.10/turn              (no ring)

@: no status effects
A: distributed training, fangs 1, strong nose
a: Depart the Abyss, Renounce Religion


You were on level 2 of the Dungeon.
You worshipped Lugonu.
Lugonu was aware of your devotion.
You visited 1 branch of the dungeon, and saw 2 of its levels.
You visited the Abyss 1 time.

You collected 91 gold pieces.

Inventory:

Hand Weapons
 a - a +2 hand axe
 c - the cursed +0 long sword of the Abyss (weapon) {speed, rPois}
   (You found it on level 2 of the Abyss)

   Attacks with this weapon are significantly faster.
   It protects you from poison.
   It has a curse placed upon it.
Armour
 b - a +0 leather armour (worn)
Jewellery
 d - a ring of positive energy (left hand)
Scrolls
 e - a scroll of identify
 i - a scroll of amnesia {unknown}
 j - a scroll of remove curse {unknown}
Potions
 f - a potion of haste
 g - 4 potions of degeneration {unknown}
 h - a potion of heal wounds {unknown}


   Skills:
 + Level 6.5 Fighting
 + Level 1.0 Short Blades
 + Level 1.0 Long Blades
 + Level 4.6 Axes
 + Level 1.0 Maces & Flails
 + Level 1.0 Polearms
 + Level 1.0 Staves
 + Level 1.0 Slings
 + Level 1.0 Bows
 + Level 1.0 Crossbows
 + Level 1.0 Throwing
 + Level 4.6 Armour
 + Level 2.7 Dodging
 + Level 1.0 Stealth
 + Level 1.0 Shields
 + Level 1.0 Unarmed Combat
 + Level 1.0 Spellcasting
 + Level 0.7 Conjurations
 + Level 0.7 Hexes
 + Level 0.7 Summonings
 + Level 0.7 Necromancy
 + Level 0.7 Translocations
 + Level 0.7 Transmutations
 + Level 0.7 Fire Magic
 + Level 0.7 Ice Magic
 + Level 0.7 Air Magic
 + Level 0.7 Earth Magic
 + Level 0.7 Poison Magic
 + Level 4.6 Invocations
 + Level 1.0 Evocations


You had 4 spell levels left.
You didn't know any spells.
Your spell library was empty.

Dungeon Overview and Level Annotations

Branches:
Dungeon (2/15)

Altars:

Annotations:
D:2 Terence


Innate Abilities, Weirdness & Mutations

Your experience applies equally to all skills.
You have very sharp teeth.
Your uncanny sense of smell can sniff out nearby items.


Message History

Terence closely misses you.
You barely miss Terence. You bite Terence, but do no damage.
The hobgoblin closely misses you.
You riposte.
You closely miss the hobgoblin. Terence hits you with a +0 flail.
A worm comes into view.
You closely miss Terence. You bite Terence, but do no damage.
The hobgoblin hits you but does no damage.
Terence completely misses you.
You riposte.
You hit Terence.
Terence is lightly wounded.
You hit Terence but do no damage. Your bite misses Terence.
Terence is lightly wounded.
Terence hits you with a +0 flail! The hobgoblin barely misses you.
You hit Terence but do no damage. You bite Terence, but do no damage.
Terence is lightly wounded.
Terence hits you with a +0 flail. The hobgoblin hits you.
* * * LOW HITPOINT WARNING * * *
You closely miss Terence.
Terence is lightly wounded.
Terence hits you with a +0 flail!
You die...

##.......#
.........# ∆
#....... ####
#..... #..
###...# ######.#
.....###...##.##
##g.##........#
#@@†..(....#..#
##..##.....#..#
#..###...##..#
#..# ######..#
...# #..####
##..# #......
...# #.####.
##.# #..###.
######.##..


You could see Terence (fast) and a hobgoblin.

Vanquished Creatures
  2 oozes (D:1)
  A dart slug (D:1)
  A giant cockroach (D:1)
  9 goblins
  5 hobgoblins
  7 jackals (D:1)
  3 kobolds (D:1)
  A quokka (D:2)
  7 bats
  2 frilled lizards (D:1)
38 creatures vanquished.

Notes
Turn   | Place    | Note
-------+----------+-------------------------------------------
     0 | Abyss:1  | Gargoyl the Gnoll Abyssal Knight began the quest for the
                  | Orb.
     0 | Abyss:1  | Reached XP level 1. HP: 23/23 MP: 3/3
    37 | Abyss:2  | Got a transparent long sword
    38 | Abyss:2  | Identified the cursed +0 long sword of the Abyss {speed,
                  | rPois} (You found it on level 2 of the Abyss)
    66 | Abyss:2  | Noticed a smoke demon
    67 | D:1      | Escaped the Abyss
   147 | D:1      | Reached XP level 2. HP: 29/29 MP: 5/5
   158 | D:1      | Reached * piety under Lugonu
   305 | D:1      | Reached XP level 3. HP: 28/35 MP: 6/6
   970 | D:2      | Reached skill level 1 in Short Blades
   970 | D:2      | Reached skill level 1 in Long Blades
   970 | D:2      | Reached skill level 1 in Maces & Flails
   970 | D:2      | Reached skill level 1 in Polearms
   970 | D:2      | Reached skill level 1 in Staves
   970 | D:2      | Reached skill level 1 in Slings
   970 | D:2      | Reached skill level 1 in Bows
   970 | D:2      | Reached skill level 1 in Crossbows
   970 | D:2      | Reached skill level 1 in Throwing
   970 | D:2      | Reached skill level 1 in Stealth
   970 | D:2      | Reached skill level 1 in Shields
   970 | D:2      | Reached skill level 1 in Unarmed Combat
   970 | D:2      | Reached skill level 1 in Spellcasting
   970 | D:2      | Reached skill level 1 in Evocations
  1060 | D:2      | Noticed Terence
  1070 | D:2      | Slain by Terence

Illustrated notes

Levels and vault maps discovered:
D:1:      minmay_arrival_glassed_features, layout_loops_ring,
          minmay_misc_feat_square, minmay_ruptured
D:2:      layout_loops_ring, st_stairs_14, uniq_terence

Skill      XL: |  1  2  3 |
---------------+----------+-----
Short Blades   | 1 |  1.0
Long Blades    | 1 |  1.0
Maces & Flails | 1 |  1.0
Polearms       | 1 |  1.0
Staves         | 1 |  1.0
Slings         | 1 |  1.0
Bows           | 1 |  1.0
Crossbows      | 1 |  1.0
Throwing       | 1 |  1.0
Stealth        | 1 |  1.0
Shields        | 1 |  1.0
Unarmed Combat | 1 |  1.0
Spellcasting   | 1 |  1.0
Evocations     | 1 |  1.0
Fighting       | |  6.5
Axes           | |  4.6
Armour         | |  4.6
Dodging        | |  2.7
Conjurations   | |  0.7
Hexes          | |  0.7
Summonings     | |  0.7
Necromancy     | |  0.7
Translocations | |  0.7
Transmutations | |  0.7
Fire Magic     | |  0.7
Ice Magic      | |  0.7
Air Magic      | |  0.7
Earth Magic    | |  0.7
Poison Magic   | |  0.7
Invocations    | |  4.6

Action                   || total
-------------------------++-------
Melee: Long sword        ||    92
       Bite              ||    14
Invok: Depart the Abyss  ||     1
  Use: Scroll            ||     5
 Stab: Sleeping          ||     1
Armor: Leather armour    ||    33
Dodge: Dodged            ||    64
       Rpst.: Long sword ||    23

Table legend: (Time is in decaauts)
 A = Elapsed time spent in this place.
 B = Non-inter-level travel time spent in this place.
 C = Inter-level travel time spent in this place.
 D = Time resting spent in this place.
 E = Time spent auto-exploring this place.
 F = Levels seen in this place.
 G = Mean time per level.
                   A        B        C        D        E       F      G
               +--------+--------+--------+--------+--------+-----+--------+
         Total |   1059 |   1017 |     42 |      0 |    754 |   4 |  264.8 |
       Dungeon |    993 |    951 |     42 |      0 |    714 |   2 |  496.5 |
         Abyss |     66 |     66 |      0 |      0 |     40 |   2 |   33.0 |
               +--------+--------+--------+--------+--------+-----+--------+

Top non-repeatable levels by time:
     D:1: 774 daAuts
     D:2: 218 daAuts
 Abyss:2: 47 daAuts
 Abyss:1: 19 daAuts
